 Dungeon Crawl Stone Soup version 0.24.0-13-gcf9b3192b9 (webtiles) character file.

Game seed: 3407588488746767491, levelgen mode: deterministic

61348 Flugslaktarn the Severer (level 14, -1/133 HPs)
             Began as a Deep Dwarf Fighter on Nov 10, 2019.
             Was a High Priest of Makhleb.
             Slain by a nine-headed hydra (3 damage)
             ... on level 1 of the Swamp.
             The game lasted 00:16:43 (15248 turns).

Flugslaktarn the Severer (Deep Dwarf Fighter)      Turns: 15248, Time: 00:16:45

Health: -1/133     AC: 22    Str: 24    XL:     14   Next: 60%
Magic:  10/10      EV: 12    Int: 15    God:    Makhleb [*****.]
Gold:   1043       SH: 13    Dex: 12    Spells: 13/13 levels left

rFire    . . .     SeeInvis .   y - +2 broad axe "Beastbane" {chop, rElec Int+5 Dex-3 Stlth+}
rCold    + . .     Gourm    +   c - +0 shield
rNeg     + . .     Faith    .   L - +1 chain mail {rC+}
rPois    .         Spirit   .   j - +2 helmet
rElec    +         Reflect  .   J - scarf {repulsion}
rCorr    .         Harm     .   F - +2 pair of gloves {Dex+3}
MR       ++...                  i - +0 pair of boots
Stlth    ..........             S - amulet of the gourmand
HPRegen  0.00/turn              v - +1 ring of evasion
MPRegen  0.12/turn              Q - +3 ring of evasion

@: non-regenerating, repel missiles
A: damage resistance, heal wounds, negative energy resistance 1, sense
surroundings 2, no regeneration
a: Heal Wounds, Minor Destruction, Lesser Servant of Makhleb, Major Destruction,
Greater Servant of Makhleb, Renounce Religion


You were on level 1 of the Swamp.
You worshipped Makhleb.
Makhleb was extremely pleased with you.
You were completely stuffed.

You visited 5 branches of the dungeon, and saw 20 of its levels.
You also visited: Bailey.

You collected 1304 gold pieces.
You spent 261 gold pieces at shops.

Inventory:

Hand Weapons
 a - a +0 hand axe of electrocution
   (You took it off an orc on level 6 of the Dungeon)
 b - a +0 broad axe of electrocution
   (You found it on level 5 of the Lair of Beasts)
 y - the +2 broad axe "Beastbane" (weapon) {chop, rElec Int+5 Dex-3 Stlth+}
   (You acquired it on level 5 of the Lair of Beasts)

   It inflicts extra damage upon your enemies.
   It affects your intelligence (+5).
   It affects your dexterity (-3).
   It insulates you from electricity.
   It makes you more stealthy.
Missiles
 K - 3 throwing nets (quivered)
Armour
 c - a +0 shield (worn)
 i - a +0 pair of boots (worn)
   (You found it on level 1 of the Dungeon)
 j - a +2 helmet (worn)
   (You found it on level 2 of the Dungeon)
 F - a +2 pair of gloves of dexterity (worn)
   (You found it on level 10 of the Dungeon)
 H - +0 fire dragon scales
   (You found it on level 6 of the Lair of Beasts)
 J - a scarf of repulsion (worn)
   (You found it on level 6 of the Lair of Beasts)
 L - a +1 chain mail of cold resistance (worn)
   (You took it off Harold on level 2 of the Lair of Beasts)
Jewellery
 n - an uncursed ring of positive energy
   (You found it on level 3 of the Lair of Beasts)
 v - a +1 ring of evasion (left hand)
   (You found it on level 2 of the Lair of Beasts)
 Q - a +3 ring of evasion (right hand)
   (You found it on level 4 of the Lair of Beasts)
 S - an amulet of the gourmand (around neck)
   (You found it on level 6 of the Lair of Beasts)
Wands
 p - a wand of digging (6)
   (You found it on level 5 of the Dungeon)
 D - a wand of paralysis (5)
   (You found it on level 11 of the Dungeon)
 R - a wand of iceblast (14)
   (You found it on level 6 of the Lair of Beasts)
Scrolls
 f - a scroll of magic mapping
 o - 2 scrolls of enchant armour
 r - 4 scrolls of identify
 t - 3 scrolls of teleportation
 w - 6 scrolls of remove curse
 z - a scroll of blinking
 G - 5 scrolls of immolation
Potions
 d - 2 potions of might
 h - 2 potions of haste
 k - 3 potions of brilliance
 l - 4 potions of lignification
 q - 14 potions of curing
 s - 3 potions of agility
 u - a potion of berserk rage
 x - 6 potions of heal wounds
 A - a potion of mutation
 B - 4 potions of cancellation
 C - 3 potions of ambrosia
 O - 3 potions of resistance
 P - a potion of invisibility
Miscellaneous
 g - a sack of spiders
 N - a lamp of fire
   (You found it on level 2 of the Lair of Beasts)
Comestibles
 e - 44 rations
 E - 2 chunks of flesh


   Skills:
 + Level 10.3 Fighting
 * Level 15.6 Axes
 + Level 12.0 Armour
 + Level 12.1 Shields
 + Level 7.3 Invocations
 + Level 12.2 Evocations


You had 13 spell levels left.
You didn't know any spells.
Your spell library was empty.

Dungeon Overview and Level Annotations

Branches:
Dungeon (11/15)            Temple (1/1) D:5            Lair (6/6) D:11
  Swamp (1/4) Lair:4       Spider (1/4) Lair:4        Slime (0/5) Lair:5
    Orc (0/2) D:9          Bailey (visited)

Altars:
Ashenzari
Cheibriados
Dithmenos
Elyvilon
Fedhas
Gozag
Hepliaklqana
Kikubaaqudgha
Makhleb
Nemelex Xobeh
Okawaru
Qazlal
Ru
Sif Muna
Trog
Uskayaw
Vehumet
Wu Jian
Xom
Yredelemnul
Zin
The Shining One
Jiyva
Lugonu

Shops:
D:6 [[::   D:9 [

Annotations:
D:7 3 runed translucent doors, Matador8's ghost, novice NaEE
Lair:1 1 runed translucent door, Aviak's ghost, journeyman GnSu
Lair:2 exclusion: oklob plant
Lair:4 1 runed translucent door, exclusion: oklob plant, PlayerOfArmor's ghost, journeyman TrFi
Lair:5 1 runed translucent door


Innate Abilities, Weirdness & Mutations

You are resistant to damage.
You can heal yourself by infusing magical energy.
You resist negative energy. (rN+)
You passively map the area around you.
You do not regenerate.


Message History

The nine-headed hydra bites you!
* * * LOW HITPOINT WARNING * * *
The nine-headed hydra barely misses you.
The nine-headed hydra bites you!
* * * LOW HITPOINT WARNING * * *
As you read the scroll of fear, it crumbles to dust.
You assume a fearsome visage.
The insubstantial wisp is unaffected.
The nine-headed hydra resists with some effort.
The seven-headed hydra looks frightened!
You block the nine-headed hydra's attack.
The nine-headed hydra bites you. The nine-headed hydra bites you!
* * * LOW HITPOINT WARNING * * *
The nine-headed hydra bites you but does no damage.
The nine-headed hydra barely misses you.
The nine-headed hydra bites you.
* * * LOW HITPOINT WARNING * * *
The nine-headed hydra misses you.
The nine-headed hydra barely misses you.
The nine-headed hydra bites you.
You die...

..
#....#......♣.≈.♣
,#...÷#..≈≈♣.≈≈.♣♣
#....#.....♣♣≈§♣
##* #..♣♣..♣≈♣♣
....♣♣♣♣.≈.♣ , ,
...≈ ♣♣§≈♣ ≈ .≈.♣.
♣.≈♣ ≈ ≈≈.≈., ♣.≈♣
≈ , ≈ ≈,≈* ♣@.♣ ,
, ♣D.♣♣ , ≈ **
♣.≈.♣ , ** ♣≈v≈♣♣
,≈ , ♣D≈.≈♣ *≈
♣♣.≈§≈♣♣ , *
♣.≈≈≈≈.♣ ,
♣♣†§≈....♣≈ , , *
.....≈≈..


You could see a nine-headed hydra, a seven-headed hydra (fleeing) and an
insubstantial wisp.

Vanquished Creatures
  Gastronok (D:10)
  A thorn hunter (Swamp:1)
  A fire dragon (Lair:6)
  Harold (Lair:2)
  A hydra (Lair:6)
  Fannar (D:10)
  A centaur warrior (D:10)
  2 catoblepae
  12 death yaks
  Urug (Lair:4)
  A swamp dragon (Lair:6)
  3 orc knights (Bailey)
  Pikel (D:6)
  A wolf spider (Spider:1)
  5 black mambas
  A gargoyle (D:11)
  Joseph (D:7)
  17 spiny frogs
  4 rime drakes
  8 komodo dragons
  A queen bee (Lair:3)
  A troll (D:10)
  2 jumping spiders
  Grinder (D:6)
  3 meliai (D:10)
  A tyrant leech (Swamp:1)
  7 blink frogs
  A bog body (Swamp:1)
  11 hippogriffs
  4 slime creatures (Swamp:1)
  12 dream sheep (Lair:6)
  2 redbacks
  A tarantella (Lair:4)
  Sigmund (D:5)
  A wraith (D:11)
  27 yaks
  A hungry ghost (D:9)
  6 basilisks
  Grum (D:8)
  3 wyverns
  2 steam dragons (Lair:6)
  6 vampire mosquitoes (Lair:4)
  Menkaure (D:7)
  3 insubstantial wisps (Swamp:1)
  2 swamp worms (Swamp:1)
  2 acid dragons (Lair:6)
  16 water moccasins
  12 porcupines
  3 swamp drakes
  14 orc warriors
  2 ice beasts
  A slave (D:7)
  A sky beast (D:10)
  2 phantoms
  7 wolves
  5 centaurs
  7 ogres
  19 crocodiles
  2 big kobolds
  16 bullfrogs
  A water moccasin zombie (D:11)
  2 scorpions
  2 water moccasin skeletons
  32 killer bees
  3 wights (D:7)
  A howler monkey (D:7)
  2 electric eels (Lair:1)
  4 crimson imps
  8 hounds
  4 jellies (D:6)
  5 orc priests
  A bullfrog skeleton (D:6)
  3 centaur zombies
  A centaur skeleton (D:10)
  6 orc wizards
  2 iguanas (Lair:6)
  9 worker ants
  Natasha (D:2)
  A hell rat (Lair:3)
  A hound skeleton (D:7)
  2 howler monkey skeletons
  4 gnolls (D:2)
  15 adders
  A shadow imp (D:10)
  3 oozes (D:3)
  An adder zombie (D:5)
  2 adder skeletons
  A worm (D:2)
  2 dart slugs
  5 leopard geckos
  54 orcs
  2 ball pythons
  5 giant cockroaches
  6 goblins
  8 hobgoblins
  27 jackals
  8 kobolds
  4 quokkas
  3 bats (D:2)
  3 frilled lizards
  A jackal skeleton (D:8)
  A leopard gecko skeleton (D:5)
  2 quokka skeletons
  2 rats
  8 fungi
  5 plants
538 creatures vanquished.

Vanquished Creatures (collateral kills)
  7 hydras
  The ghost of Metae the Arsonist, a journeyman DrFE of Sif Muna (Lair:2)
  2 komodo dragons
  A blink frog (Lair:6)
  2 hippogriffs (Lair:6)
  4 yaks (Lair:6)
  2 water moccasins (Lair:4)
  2 crocodiles
  A fungus (Lair:6)
22 creatures vanquished.

Vanquished Creatures (others)
  An orc (D:6)
  A kobold (D:10)
  12 fungi
  14 plants
28 creatures vanquished.

Grand Total: 588 creatures vanquished

Notes
Turn   | Place    | Note
-------+----------+-------------------------------------------
     0 | D:1      | Flugslaktarn the Deep Dwarf Fighter began the quest for the
                  | Orb.
     0 | D:1      | Reached XP level 1. HP: 20/20 MP: 1/1
    92 | D:1      | Reached XP level 2. HP: 25/27 MP: 2/2
   674 | D:2      | Reached XP level 3. HP: 18/34 MP: 3/3
   684 | D:2      | Reached skill level 3 in Axes
   839 | D:2      | Reached XP level 4. HP: 36/42 MP: 3/3
   947 | D:2      | Found a glowing golden altar of the Shining One.
  1181 | D:2      | Noticed Natasha
  1196 | D:2      | Killed Natasha
  1199 | D:2      | Found a basalt altar of Yredelemnul.
  1336 | D:3      | Reached XP level 5. HP: 43/49 MP: 4/4
  1770 | D:3      | Found a sparkling altar of Nemelex Xobeh.
  2317 | D:4      | Noticed an ogre
  2334 | D:4      | Killed an ogre
  2334 | D:4      | Reached skill level 4 in Axes
  2334 | D:4      | Reached XP level 6. HP: 39/57 MP: 4/4
  2490 | D:4      | Reached skill level 5 in Shields
  2615 | D:4      | Found an iron altar of Okawaru.
  2629 | D:4      | Reached skill level 5 in Armour
  2732 | D:4      | Reached XP level 7. HP: 52/64 MP: 4/4
  2852 | D:4      | Reached skill level 5 in Axes
  2878 | D:5      | Entered Level 5 of the Dungeon
  3142 | D:5      | Noticed Sigmund
  3152 | D:5      | Killed Sigmund
  3152 | D:5      | Reached skill level 6 in Axes
  3169 | D:5      | Found a radiant altar of Vehumet.
  3172 | D:5      | Found a shimmering altar of Xom.
  3186 | D:5      | Found a staircase to the Ecumenical Temple.
  3354 | Temple   | Entered the Ecumenical Temple
  3543 | D:5      | Reached XP level 8. HP: 39/73 MP: 5/5
  3727 | D:6      | Noticed Grinder
  3901 | D:6      | Reached skill level 5 in Fighting
  3927 | D:6      | Paralysed by Grinder for 7 turns
  3940 | D:6      | Killed Grinder
  3940 | D:6      | Reached skill level 7 in Axes
  3963 | D:6      | Found a burning altar of Makhleb.
  3983 | D:6      | Became a worshipper of Makhleb the Destroyer
  4003 | D:6      | Found Leucuropt's Antique Armour Shop.
  4011 | D:6      | Found Gehofash's Book Emporium.
  4119 | D:6      | Found a sparkling altar of Nemelex Xobeh.
  4123 | D:6      | Found Sucid's Antique Armour Emporium.
  4141 | D:6      | Bought a heavily runed scale mail for 261 gold pieces
  4151 | D:6      | Identified the +3 scale mail of Elyvilon's Hope {Int-3
                  | Dex+4} (You bought it in a shop on level 6 of the Dungeon)
  4212 | D:6      | Reached skill level 1 in Invocations
  4212 | D:6      | Reached skill level 1 in Evocations
  4267 | D:6      | Found Rokly's Book Emporium.
  4495 | D:7      | Noticed Pikel
  4510 | D:6      | Killed Pikel
  4510 | D:6      | Reached skill level 8 in Axes
  4510 | D:6      | Gained mutation: You passively map the area around you.
                  | [Deep Dwarf growth]
  4510 | D:6      | Reached XP level 9. HP: 50/82 MP: 5/5
  4555 | D:7      | Found a shattered altar of Ashenzari.
  4663 | D:7      | Noticed Joseph
  4694 | D:7      | Killed Joseph
  4897 | D:7      | Found a flagged portal.
  4901 | D:7      | Noticed Menkaure
  4916 | D:7      | Killed Menkaure
  4922 | D:7      | Reached * piety under Makhleb
  4939 | Bailey   | Entered a bailey
  5023 | Bailey   | Reached skill level 9 in Axes
  5088 | Bailey   | Noticed an orc knight
  5089 | Bailey   | Noticed an orc knight
  5093 | Bailey   | Reached XP level 10. HP: 91/91 MP: 4/4
  5094 | Bailey   | Reached ** piety under Makhleb
  5096 | Bailey   | Noticed an orc knight
  5097 | Bailey   | Killed an orc knight
  5112 | Bailey   | Killed an orc knight
  5112 | Bailey   | Reached skill level 5 in Invocations
  5113 | Bailey   | Killed an orc knight
  5113 | Bailey   | Reached skill level 5 in Evocations
  5168 | Bailey   | Noticed an orc knight
  5169 | Bailey   | Noticed an orc knight
  5422 | D:7      | Found a runed translucent gate.
  5422 | D:7      | Found a runed translucent gate.
  5423 | D:7      | Found an opulent altar of Gozag.
  5423 | D:7      | Found a runed translucent gate.
  5426 | D:7      | Noticed Matador8's ghost (novice NaEE)
  5925 | D:8      | Noticed Grum
  5928 | D:8      | Reached skill level 10 in Axes
  5949 | D:8      | Killed Grum
  6347 | D:9      | Found an ancient bone altar of Kikubaaqudgha.
  6502 | D:9      | Found a shattered altar of Ashenzari.
  6502 | D:9      | Found a burning altar of Makhleb.
  6504 | D:9      | Found a blossoming altar of Fedhas.
  6508 | D:9      | Found a sacrificial altar of Ru.
  6509 | D:9      | Found a glowing silver altar of Zin.
  6582 | D:9      | Found Weal Dydd's Armour Shoppe.
  6657 | D:9      | Reached *** piety under Makhleb
  6734 | D:9      | Found a staircase to the Orcish Mines.
  6880 | D:9      | Reached XP level 11. HP: 53/100 MP: 6/6
  7101 | D:10     | Entered Level 10 of the Dungeon
  7123 | D:10     | Noticed a centaur warrior
  7135 | D:10     | Killed a centaur warrior
  7186 | D:10     | Reached skill level 11 in Axes
  7208 | D:10     | Found a hide-covered altar of Uskayaw.
  7301 | D:10     | Noticed Gastronok
  7326 | D:10     | Killed Gastronok
  7413 | D:10     | Noticed Fannar
  7437 | D:10     | Killed Fannar
  8040 | D:11     | Reached **** piety under Makhleb
  8347 | D:11     | Reached skill level 12 in Axes
  8489 | D:11     | Found a staircase to the Lair.
  8609 | Lair:1   | Entered Level 1 of the Lair of Beasts
  8629 | Lair:1   | Found a runed translucent door.
  8641 | Lair:1   | Noticed a four-headed hydra
  8653 | Lair:1   | Noticed Aviak's ghost (journeyman GnSu)
  8654 | Lair:1   | Identified the +4 trident of Duda {holy, *Contam +Rage
                  | rElec Str+2}
  8662 | Lair:1   | Killed a four-headed hydra
  8797 | Lair:1   | Reached XP level 12. HP: 75/110 MP: 8/8
  9396 | Lair:2   | Found a shimmering altar of Xom.
  9468 | Lair:2   | Noticed Harold
  9493 | Lair:2   | Killed Harold
  9578 | Lair:2   | Reached skill level 10 in Shields
  9934 | Lair:2   | Found a runed translucent door.
  9935 | Lair:2   | Noticed Metae's ghost (journeyman DrFE)
 10367 | Lair:2   | Reached skill level 10 in Armour
 10384 | Lair:2   | Killed Metae's ghost
 10606 | Lair:3   | Reached skill level 13 in Axes
 10721 | Lair:3   | Reached ***** piety under Makhleb
 11162 | Lair:3   | Reached XP level 13. HP: 121/121 MP: 10/10
 11178 | Lair:3   | Reached skill level 10 in Evocations
 11578 | Lair:4   | Found a hole to the Spider Nest.
 11679 | Lair:4   | Found a runed translucent door.
 11681 | Lair:4   | Found a shimmering altar of Xom.
 11681 | Lair:4   | Noticed PlayerOfArmor's ghost (journeyman TrFi)
 11903 | Lair:4   | Noticed Urug
 11918 | Lair:4   | Killed Urug
 11974 | Lair:4   | Reached skill level 14 in Axes
 12006 | Lair:4   | Found a staircase to the Swamp.
 12740 | Lair:5   | Identified 2 scrolls of acquirement
 12743 | Lair:5   | Got a bone broad axe
 12744 | Lair:5   | Identified the +2 broad axe "Beastbane" {chop, rElec Int+5
                  | Dex-3 Stlth+} (You acquired it on level 5 of the Lair of
                  | Beasts)
 12780 | Lair:5   | Found a runed translucent door.
 12919 | Lair:5   | Found a viscous altar of Jiyva.
 12920 | Lair:5   | Found a staircase to the Slime Pits.
 13196 | Lair:6   | Entered Level 6 of the Lair of Beasts
 13435 | Lair:6   | Gained mutation: You resist negative energy. (rN+) [Deep
                  | Dwarf growth]
 13435 | Lair:6   | Reached XP level 14. HP: 66/130 MP: 10/10
 13503 | Lair:6   | Reached skill level 15 in Axes
 13572 | Lair:6   | Reached skill level 10 in Fighting
 13990 | Lair:6   | Reached ****** piety under Makhleb
 14000 | Lair:6   | Noticed an Executioner
 14004 | Lair:6   | HP: 4/132 [Executioner[the player character] (5)]
 14273 | Lair:6   | HP: 3/132 [komodo dragon (9)]
 14980 | Spider:1 | Entered Level 1 of the Spider Nest
 14992 | Spider:1 | Noticed an entropy weaver
 15076 | Swamp:1  | Entered Level 1 of the Swamp
 15121 | Swamp:1  | Noticed a thorn hunter
 15147 | Swamp:1  | Killed a thorn hunter
 15248 | Swamp:1  | HP: 5/133 [nine-headed hydra (6)]
 15248 | Swamp:1  | HP: 2/133 [nine-headed hydra (3)]
 15248 | Swamp:1  | Slain by a nine-headed hydra

Levels and vault maps discovered:
D:1:      lemuel_arrival_funnel, layout_basic, minmay_tromino_v4_b
D:2:      layout_basic, marbit_many_paths, tso_oasis_becter, uniq_natasha
D:3:      layout_basic, nemelex_dance_club_becter
D:4:      layout_loops_ring, serial_glass, glass_columns_a, glass_columns_b,
          glass_columns_a, glass_columns_a, glass_columns_b, glass_columns_a,
          glass_columns_a, glass_columns_b, okawaru_ov_weapons_minmay
D:5:      layout_loops_ring, chequers_temple_overflow_statue_of_worship,
          minmay_temple_entry_junction, first_ration, uniq_sigmund
D:6:      layout_gridville, nemelex_xobeh_ov_fountains_minmay, serial_shops,
          nicolae_shop_stone, nicolae_shop_overgrown_old_shop,
          kennysheep_little_box, shop, bloody_makhleb, uniq_grinder
D:7:      layout_cave_pods, basic_altar, ebering_ghost_gozag, enter_bailey_2,
          uniq_pikel, uniq_joseph, uniq_menkaure
D:8:      layout_loops_ring, uniq_grum
D:9:      layout_roguey, grunt_temple_overflow_open, kiku_gazebo_garden_becter,
          erik_orc_1, serial_shops, shop, blue_anna_alchemist
          [blue_anna_fruit_fields, blue_anna_fruit_fields]
D:10:     layout_loops_cross, basic_altar, uniq_gastronok, uniq_fannar
D:11:     layout_loops_ring, grunt_lair_entry_orc_guard_hut
Temple:   kb_corrupted_temple
Lair:1:   layout_regular_city, ebering_ghost_funeral_grove, serial_bayou,
          serial_bayou_shore_b, serial_bayou_pond_d, serial_bayou_lagoon_a,
          serial_bayou_pond_e
Lair:2:   layout_gridlike, ebering_ghost_inner_flame, st_stairs_3,
          lemuel_oklob_altar, grunt_megastairs_1, uniq_harold
Lair:3:   regret_index_tunnel_blossom, layout_regular_city
Lair:4:   layout_roguey, minmay_swamp_entry_swarm, spider_nest_entry_rubble,
          ebering_ghost_xom, minmay_lair_oklob_chamber, grunt_megastairs_4,
          uniq_urug
Lair:5:   layout_gridlike, dpeg_slime_entry_enclosed_altar, pf_torpor_hydra
Lair:6:   guppyfry_lair_end_dragon, layout_small_grid
Swamp:1:  layout_falls_marsh, evilmike_swamp_ruin_house_5
Spider:1: layout_spider_delve

Skill      XL: |  1  2  3  4  5  6  7  8  9 10 11 12 13 14 |
---------------+-------------------------------------------+-----
Fighting       | 3 4 5 6 7 8 9 10 | 10.3
Axes           | 3 4 6 8 9 10 12 13 14 15 | 15.6
Shields        | 4 5 7 8 9 10 11 12 | 12.1
Armour         | 4 5 6 7 8 9 10 11 12 | 12.0
Invocations    | 2 4 6 7 |  7.3
Evocations     | 2 4 6 8 9 11 12 | 12.2

Action                   |  1- 3 |  4- 6 |  7- 9 | 10-12 | 13-15 || total
-------------------------+-------+-------+-------+-------+-------++-------
Melee: War axe           |    67 |   126 |       |    14 |       ||   207
       Hand axe          |       |    86 |   370 |   897 |   237 ||  1590
       Broad axe         |       |       |       |       |   441 ||   441
Invok: Lesser Servant of |       |       |       |     3 |    16 ||    19
       Greater Servant o |       |       |       |       |     2 ||     2
 Abil: Heal Wounds       |     2 |     6 |    19 |    15 |    23 ||    65
Evoke: Wand              |       |       |     3 |     7 |     5 ||    15
       Lamp of fire      |       |       |       |       |     1 ||     1
  Use: Scroll            |       |       |    11 |     7 |    18 ||    36
       Potion            |       |       |       |     2 |     1 ||     3
 Stab: Confused          |       |       |       |     1 |       ||     1
       Paralysed         |       |       |       |       |    11 ||    11
       Petrifying        |       |       |       |       |     5 ||     5
  Eat: Chunk             |       |     6 |     8 |    22 |    32 ||    68
Armor: Scale mail        |    35 |   129 |   136 |   190 |       ||   490
       Chain mail        |       |       |       |   129 |   320 ||   449
Dodge: Dodged            |    24 |    82 |   113 |   203 |   207 ||   629
       Deflected         |       |       |       |       |     3 ||     3
Block: Shield            |    54 |   132 |   242 |   484 |   423 ||  1335
